 Dungeon Crawl Stone Soup version 0.20.0-4-g10b340a (webtiles) character file.

3 RKaid the Sneak (level 1, 0/13 HPs)
             Began as a Formicid Enchanter on May 28, 2017.
             Slain by a hobgoblin
             ... wielding a +0 club
              (3 damage)
             ... on level 1 of the Dungeon.
             The game lasted 00:01:34 (333 turns).

RKaid the Sneak (Formicid Enchanter)                 Turns: 333, Time: 00:01:35

Health: 0/13       AC:  2    Str: 12    XL:     1   Next: 55%
Magic:  2/3        EV: 12    Int: 14    God:
Gold:   8          SH:  0    Dex: 11    Spells: 3/4 levels left

rFire    . . .     SeeInvis +   a - +1 dagger
rCold    . . .     Gourm    .   (no shield)
rNeg     . . .     Faith    .   b - +0 robe
rPois    .         Spirit   .   (helmet unavailable)
rElec    .         Reflect  .   (no cloak)
rCorr    .         Harm     .   (no gloves)
MR       .....                  (no boots)
Stlth    ++........             (no amulet)
Regen    0.1/turn               (no ring)
MPRegen  0.1/turn               (no ring)

@: no status effects
A: permanent stasis, dig shafts and tunnels, four strong arms, antennae 3
a: Dig, Shaft Self


You were on level 1 of the Dungeon.
You were not hungry.

You visited 1 branch of the dungeon, and saw 1 of its levels.

You collected 8 gold pieces.

Inventory:

Hand Weapons
 a - a +1 dagger (weapon)
Armour
 b - a +0 robe (worn)
Scrolls
 e - a scroll of teleportation {unknown}
 f - a scroll of recharging {unknown}
Books
 c - a book of Maledictions
Comestibles
 d - a bread ration


   Skills:
 + Level 1.2 Short Blades
 - Level 1.7 Dodging
 + Level 3.7 Stealth
 - Level 2.1 Spellcasting
 + Level 3.7 Hexes


You had 3 spell levels left.
You knew the following spells:

 Your Spells              Type           Power        Failure   Level  Hunger
a - Corona                Hex            ##.....      4%          1    #......


Dungeon Overview and Level Annotations

Branches:
Dungeon (1/15)

Altars:


Innate Abilities, Weirdness & Mutations

You cannot be hasted, slowed, berserked, paralysed or teleported.
You can dig through walls and to a lower floor.
Your four strong arms can wield two-handed weapons with a shield.
You have a pair of large antennae on your head. (SInv)


Message History

Welcome, RKaid the Formicid Enchanter.
It is said that the Orb of Zot exists deep within this dungeon.
Press ? for a list of commands and other information.
Found a scroll labeled EKLYOSITWILLO.
Found a staircase leading out of the dungeon.
e - a scroll labeled EKLYOSITWILLO As you open the door, it creaks loudly!
You sense a monster nearby.
You open the door.
There is an open door here.
A dart slug comes into view.
A kobold comes into view. It is wielding a whip.
The kobold shouts!
The dart slug barely misses you.
You hit the dart slug. The dart slug launches a dart at you.
The slug dart hits you!
You hit the dart slug. You hit the dart slug.
You kill the dart slug!
Okay, then.
Casting: Corona
Confirm with . or Enter, or press ? or * to list all spells.
You don't know that spell.
Adjust (i)tems, (s)pells, or (a)bilities?
Adjust which spell? b - Corona Adjust to which letter? a - Corona
Casting: Corona
Confirm with . or Enter, or press ? or * to list all spells.
Aiming: Corona
Press: ? - help, Shift-Dir - straight line, f - kobold
Aim: a kobold, wielding a whip (chance to defeat MR: 64%)
You miscast Corona.
You are very lightly contaminated with residual magic.
Nothing appears to happen.
There is an open door here.
Casting: Corona
Confirm with . or Enter, or press ? or * to list all spells.
Aiming: Corona
Press: ? - help, Shift-Dir - straight line, f/p - kobold
Aim: a kobold, wielding a whip (chance to defeat MR: 64%)
The kobold barely resists.
The kobold hits you with a whip.
* * * LOW HITPOINT WARNING * * *
Casting: Corona
Confirm with . or Enter, or press ? or * to list all spells.
Aiming: Corona
Press: ? - help, Shift-Dir - straight line, f/p - kobold
Aim: a kobold, wielding a whip (chance to defeat MR: 64%)
The kobold is outlined in light.
The kobold misses you.
You barely miss the kobold. The kobold hits you but does no damage.
You hit the kobold.
You kill the kobold!
You start resting.
Your magical contamination has completely faded away.
You start resting.
You see here a whip.
There is an open door here.
You now have 8 gold pieces.
f - a scroll labeled WALIHO PURCHAOC A hobgoblin comes into view.
It is wielding a club.
The hobgoblin shouts!
The hobgoblin barely misses you.
You hit the hobgoblin. The hobgoblin closely misses you.
You hit the hobgoblin but do no damage. The hobgoblin barely misses you.
You hit the hobgoblin.
The hobgoblin hits you but does no damage.
You hit the hobgoblin but do no damage. The hobgoblin hits you with a club!
Ouch! That really hurt!
You barely miss the hobgoblin. You closely miss the hobgoblin.
The hobgoblin barely misses you. The hobgoblin hits you with a club.
* * * LOW HITPOINT WARNING * * *
Casting: Corona
Confirm with . or Enter, or press ? or * to list all spells.
Aiming: Corona
Press: ? - help, Shift-Dir - straight line, f - hobgoblin
Aim: a hobgoblin, wielding a club (severely wounded, chance to defeat MR: 64%)
The hobgoblin is outlined in light.
You hit the hobgoblin but do no damage. The hobgoblin hits you with a club.
You die...

.. #. #.## .#
####.##..# #.
#........# #
#........#
#........##
#.........#
#.........#
##..#.#.#.##
#..g@.....#
.#.#####..#.#.#..#
.................#
...(......#.#.#..#
.#.###.#.........#
#..#.........#
#....#########
...### ..##


You could see a hobgoblin.

Vanquished Creatures
  A dart slug (D:1)
  A kobold (D:1)
2 creatures vanquished.

Notes
Turn   | Place    | Note
-------+----------+-------------------------------------------
     0 | D:1      | RKaid the Formicid Enchanter began the quest for the Orb.
     0 | D:1      | Reached XP level 1. HP: 13/13 MP: 3/3
    38 | D:1      | HP: 3/13 [kobold/whip (5)]
   330 | D:1      | HP: 3/13 [hobgoblin/club (3)]
   333 | D:1      | Slain by a hobgoblin

Action                   || total
-------------------------++-------
Melee: Dagger            ||    12
 Cast: Corona            ||     3
Armor: Robe              ||     2
Dodge: Dodged            ||     6

Table legend:
 A = Turns spent in this place as a percentage of turns spent in the entire game.
 B = Non-inter-level travel turns spent in this place as a percentage of non-inter-level travel turns spent in the entire game.
 C = Inter-level travel turns spent in this place as a percentage of turns spent in this place.
 D = Turns resting spent in this place as a percentage of non-inter-level travel turns spent in this place.
 E = Turns spent auto-exploring this place as a percentage of non-inter-level travel turns spent in this place.
 F = Non-inter-level travel turns spent in this place divided by the number of levels of this place that you've seen.
                   A       B       C       D       E      F
               +-------+-------+-------+-------+-------+----------------------
         Total | 100.0 | 100.0 |   0.0 |   4.1 |   2.7 |  74.0
       Dungeon | 100.0 | 100.0 |   0.0 |   4.1 |   2.7 |  74.0
               +-------+-------+-------+-------+-------+----------------------

Table legend:
 A = Kills in this place as a percentage of kills in entire the game.
 B = Kills by you in this place as a percentage of kills by you in the entire game.
 C = Kills by friends in this place as a percentage of kills by friends in the entire game.
 D = Other kills in this place as a percentage of other kills in the entire game.
 E = Experience gained in this place as a percentage of experience gained in the entire game.
 F = Experience gained in this place divided by the number of levels of this place that you have seen.
                   A       B       C       D       E      F
               +-------+-------+-------+-------+-------+----------------------
         Total | 100.0 | 100.0 |  -nan |  -nan | 100.0 |   5.0
       Dungeon | 100.0 | 100.0 |  -nan |  -nan | 100.0 |   5.0
               +-------+-------+-------+-------+-------+----------------------
